 Dungeon Crawl Stone Soup version 0.31-a0-1589-g8f5e8aebd6 (webtiles) character file.

Game seed: 1954290443943013353

142 bjtr the Shooter (level 5, 0/29 HPs)
             Began as a Deep Elf Hexslinger on Jan 6, 2024.
             Hit by a stone thrown by a crimson imp (4 damage)
             ... on level 3 of the Dungeon.
             The game lasted 00:12:59 (1649 turns).

bjtr the Shooter (Deep Elf Hexslinger)              Turns: 1649, Time: 00:13:00

Health: 0/29       AC:  0    Str:  5    XL:     5   Next: 3%
Magic:  9/9        EV: 15    Int: 18    God:
Gold:   121        SH:  0    Dex: 19    Spells: 2/7 levels left

rFire   . . .        a - melded +2 sling
rCold   . . .        (shield currently unavailable)
rNeg    . . .        k - melded +4 ring mail
rPois   .            (helmet currently unavailable)
rElec   .            (cloak currently unavailable)
rCorr   .            (gloves currently unavailable)
SInv    .            p - melded +1 pair of boots
Will    .....        (no amulet)
Stlth   ++           j - melded ring of resist corrosion
HPRegen 0.24/turn    u - melded ring of wizardry
MPRegen 0.11/turn

%: no passive effects
@: brilliant, pig-form (expiring), weak-willed, enlightened, flying, very quick
A: fast, no casting, small
a: no special abilities


You were on level 3 of the Dungeon.
You were a filthy swine.
You visited 1 branch of the dungeon, and saw 3 of its levels.

You collected 121 gold pieces.

Inventory:

Hand Weapons
 a - a +2 sling (melded)
 b - the +3 quarterstaff of Huthry {flame, Fly Dex+4}
   (You found it on level 2 of the Dungeon)

   Dex+4:     It affects your dexterity (+4).
   Fly:       It grants you flight.
 e - a +0 dagger
 f - a +0 short sword
 n - a +0 morningstar
 s - a +1 short sword of venom
Armour
 c - a +0 robe
 k - a +4 ring mail (melded)
 p - a +1 pair of boots (melded)
Magical Staves
 i - a staff of fire
Jewellery
 j - a ring of resist corrosion (melded)
 l - a ring of ice
 u - a ring of wizardry (melded)
Talismans
 d - a talisman of death
Wands
 q - a wand of polymorph (7)
 t - a wand of mindburst (13)
Scrolls
 g - a scroll of enchant weapon
 h - a scroll of vulnerability
 o - a scroll of poison
Potions
 m - a potion of brilliance


   Skills:
 + Level 1.3 Fighting
 + Level 5.5 Ranged Weapons
 + Level 0.2 Armour
 + Level 2.6 Dodging
 + Level 0.5 Stealth
 + Level 1.5 Spellcasting
 + Level 5.1 Hexes
 - Level 1.1 Fire Magic


You had 2 spell levels left.
You knew the following spells:

 Your Spells              Type           Power      Damage    Failure   Level
a - Jinxbite              Hex            58%        N/A       3%          2
b - Sigil of Binding      Hex            29%        N/A       7%          3

Your spell library contained the following spells:

 Spells                   Type           Power      Damage    Failure   Level
 Lesser Beckoning         Tloc           4%         N/A       28%         2
 Inner Flame              Hex/Fire       18%        N/A       16%         3
 Cause Fear               Hex            14%        N/A       22%         4
 Gell's Gravitas          Tloc           2%         N/A       50%         3
 Teleport Other           Tloc           2%         N/A       50%         3
 Dimensional Bullseye     Hex/Tloc       7%         N/A       54%         4


Dungeon Overview and Level Annotations

Branches:
Dungeon (3/15)

Altars:
Xom

Shops:
D:1 (


Message History

A giggling sprite leaps out and insults the crimson imp's ancestors.
The crimson imp is moderately wounded.
You miss the crimson imp.
The crimson imp is moderately wounded.
A giggling sprite leaps out and smacks the crimson imp with its own claw.
The crimson imp is severely wounded.
The jinxing sprites lose interest in you.
The crimson imp misses you. The crimson imp hits you.
You hit the crimson imp but do no damage.
The crimson imp is severely wounded.
Your attacks no longer feel as feeble.
The crimson imp misses you. The crimson imp closely misses you.
You hit the crimson imp but do no damage.
The crimson imp is heavily wounded.
The crimson imp hits you with a +0 dagger of chaos.
The crimson imp burns you. The crimson imp hits you.
You hit the crimson imp but do no damage.
The crimson imp is heavily wounded.
Your transformation is almost over.
The crimson imp barely misses you. x2
Unknown command.
It was a potion of enlightenment.
You feel very buoyant.
You fly up into the air.
The crimson imp closely misses you. The crimson imp barely misses you.
You miss the crimson imp.
The crimson imp is moderately wounded.
The crimson imp misses you.
You barely miss the crimson imp.
The crimson imp is moderately wounded.
The crimson imp hits you.
* * * LOW HITPOINT WARNING * * *
The crimson imp blinks!
Unknown command.
You barely miss the crimson imp.
The crimson imp seems less drained.
The crimson imp hits you.
* * * LOW HITPOINT WARNING * * *
Unknown command.
The crimson imp throws a stone.
The stone hits you.
You die...

#........g.............
#.....................#
#...................#...
............####g#####+#.
######....##..##.^...^.#
.....#.#......####._.###
.....#.######.##.^...^.#
######.##...#.#####'#### # .
##.....##...#.†(h#...# .###.#
##.##.........5###...####.....#
....#.....#.............#......
....+.....'....###...#)........
...(#.....#...5......'....###..
..#.#.....#.....###.##.........
..'.......#....................
..#.......#......##.##.........
#.#########.........#..........


You could see a crimson imp.

Vanquished Creatures
  2 crimson imps (D:3)
  Terence (D:2)
  An adder (D:2)
  3 dart slugs (D:1)
  2 bats (D:2)
  2 endoplasms (D:1)
  3 giant cockroaches
  2 goblins
  3 hobgoblins
  4 jackals (D:2)
  4 quokkas
  5 ball pythons (D:2)
  3 kobolds
  4 rats
39 creatures vanquished.

Notes
Turn   | Place    | Note
-------+----------+-------------------------------------------
     0 | D:1      | bjtr the Deep Elf Hexslinger began the quest for the Orb.
     0 | D:1      | Reached XP level 1. HP: 11/11 MP: 5/5
   235 | D:1      | Reached XP level 2. HP: 16/16 MP: 6/6
   291 | D:1      | Found Xujiyj Torut's Weapon Shop.
   866 | D:2      | Reached skill level 5 in Hexes
   938 | D:2      | Noticed Terence
   950 | D:2      | Killed Terence
   951 | D:2      | Reached skill level 1 in Fighting
   951 | D:2      | Reached XP level 3. HP: 20/20 MP: 7/7
  1086 | D:2      | Identified the +3 quarterstaff of Huthry {flame, Fly Dex+4}
  1266 | D:2      | Learned a level 3 spell: Sigil of Binding
  1269 | D:2      | Learned a level 2 spell: Jinxbite
  1353 | D:2      | Reached XP level 4. HP: 25/25 MP: 8/8
  1515 | D:3      | Found a shimmering altar of Xom.
  1519 | D:3      | Reached skill level 5 in Ranged Weapons
  1616 | D:3      | Reached XP level 5. HP: 28/29 MP: 9/9
  1649 | D:3      | Hit by a stone thrown by a crimson imp

Illustrated notes

Levels and vault maps discovered:
D:1:      spicycebolla_green_bress_n_ham_2, layout_loops_cross, serial_shops,
          nicolae_shop_trees, serial_bayou_lagoon_a
D:2:      layout_basic, uniq_terence
D:3:      layout_basic, led_xom_imps, gammafunk_ghost_nasty_kobolds,
          dreamdust_ecumenical_altar_hidden_monk_grotto

Skill      XL: |  1  2  3  4 |
---------------+-------------+-----
Ranged Weapons | 3 4 5 |  5.5
Hexes          | 5 |  5.1
Fighting       | 1 |  1.3
Armour         | |  0.2
Dodging        | |  2.6
Stealth        | |  0.5
Spellcasting   | |  1.5
Fire Magic     | |  1.1

Action                     |  1- 3 |  4- 6 || total
---------------------------+-------+-------++-------
  Melee: Quarterstaff      |       |     1 ||     1
         Unarmed           |       |     9 ||     9
   Fire: Sling             |    63 |    67 ||   130
   Cast: Jinxbite          |       |     1 ||     1
    Use: Scroll            |       |     5 ||     5
         Potion            |       |     4 ||     4
 Armour: Robe              |     3 |       ||     3
         Ring mail         |    15 |    53 ||    68
         Skin              |       |     6 ||     6
  Dodge: Dodged            |    14 |    29 ||    43

Table legend: (Time is in decaauts)
 A = Elapsed time spent in this place.
 B = Non-inter-level travel time spent in this place.
 C = Inter-level travel time spent in this place.
 D = Time resting spent in this place.
 E = Time spent auto-exploring this place.
 F = Levels seen in this place.
 G = Mean time per level.
                   A        B        C        D        E       F      G
               +--------+--------+--------+--------+--------+-----+--------+
         Total |   1695 |   1630 |     65 |      9 |   1238 |   3 |  565.0 |
       Dungeon |   1695 |   1630 |     65 |      9 |   1238 |   3 |  565.0 |
               +--------+--------+--------+--------+--------+-----+--------+

Top non-repeatable levels by time:
     D:1: 799 daAuts
     D:2: 689 daAuts
     D:3: 206 daAuts
